[Event "Niedersachsen-ch A 2024"]
[Site "Verden Aller"]
[Date "2024.01.05"]
[Round "3.26"]
[White "Heirich, Andreas"]
[Black "Moerke, Niklas"]
[Result "*"]
[ECO "D55"]
[WhiteElo "1925"]
[BlackElo "1800"]
[Annotator "RC"]
[PlyCount "72"]
[EventDate "2024.01.01"]
[EventType "swiss"]
[EventCountry "GER"]
[SourceTitle "playchess.com"]
[Source "ChessBase"]
[SourceQuality "1"]
[TimeControl "40/5400+30:1800+30"]

1. d4 d5 2. c4 e6 3. Nc3 Nf6 4. Bg5 Be7 5. e3 O-O 6. Nf3 Re8 7. Be2 b6 8. O-O Bb7 9. Rc1 Ne4 10. Bxe7 Qxe7 11. Qc2 c5 12. dxc5 Nxc5 13. cxd5 exd5 14. Rfd1 Rd8 15. Qf5 Qe6 16. Qh5 Qg6 17. Qh4 Nba6 18. Rd4 Qf6 19. Qxf6 gxf6 20. Rcd1 Nc7 21. Nb5 Nxb5 22. Bxb5 a6 23. Bc4 Ne6 24. Rg4+ Kh8 25. Bd3 Rg8 26. Rxg8+ Kxg8 27. Bf5 h6 28. Nd4 Nxd4 29. Rxd4 Bc8 30. Bxc8 Rxc8 31. Kf1 Rc2 32. Rb4 b5 33. a3 Kf8 34. b3 Ke7 35. a4 bxa4 36. Rxa4 Rc6 *

[Event "Niedersachsen-ch A 2024"]
[Site "Verden Aller"]
[Date "2024.01.05"]
[Round "3.27"]
[White "Aden, Dagmar"]
[Black "Arndt, Felix"]
[Result "*"]
[ECO "A49"]
[WhiteElo "1766"]
[BlackElo "1901"]
[Annotator "RC"]
[PlyCount "55"]
[EventDate "2024.01.01"]
[EventType "swiss"]
[EventCountry "GER"]
[SourceTitle "playchess.com"]
[Source "ChessBase"]
[SourceQuality "1"]
[TimeControl "40/5400+30:1800+30"]

1. Nf3 Nf6 2. g3 g6 3. Bg2 Bg7 4. d4 O-O 5. O-O d6 6. Re1 c6 7. c4 Qc7 8. Nc3 e5 9. e4 Bg4 10. dxe5 dxe5 11. Qb3 Nbd7 12. Be3 Nb6 13. Bxb6 axb6 14. h3 Bd7 15. Na4 Ra6 16. c5 b5 17. Nb6 Be6 18. Qc2 h6 19. a4 bxa4 20. Rxa4 Rxa4 21. Qxa4 Nd7 22. Nxd7 Qxd7 23. Rd1 Qc8 24. Kh2 f5 25. exf5 Rxf5 26. Nh4 Rxf2 27. Nxg6 Qe8 28. Nh4 *

[Event "Niedersachsen-ch A 2024"]
[Site "Verden Aller"]
[Date "2024.01.05"]
[Round "3.28"]
[White "Langer, Michael S."]
[Black "Poelig, Juergen"]
[Result "*"]
[ECO "D00"]
[WhiteElo "1888"]
[BlackElo "1819"]
[Annotator "NA RC"]
[PlyCount "32"]
[EventDate "2024.01.01"]
[EventType "swiss"]
[EventCountry "GER"]
[SourceTitle "playchess.com"]
[Source "ChessBase"]
[SourceQuality "1"]
[TimeControl "40/5400+30:1800+30"]

1. d4 d5 2. Bf4 e6 3. e3 c5 4. c3 Nc6 5. Nd2 Be7 6. Bd3 f5 7. Ngf3 Nf6 8. Ne5 Bd7 9. Nxd7 Qxd7 10. Nf3 O-O-O 11. Bb5 Bd6 12. Ne5 Qc7 13. Qa4 Nxe5 14. dxe5 Bxe5 15. Bxe5 Qxe5 16. Qxa7 Qd6 *

[Event "Niedersachsen-ch A 2024"]
[Site "Verden Aller"]
[Date "2024.01.05"]
[Round "3.29"]
[White "Harms, Friedjof"]
[Black "Stiller, Maximilian"]
[Result "*"]
[ECO "B13"]
[WhiteElo "1844"]
[BlackElo "1786"]
[Annotator "NA RC"]
[PlyCount "51"]
[EventDate "2024.01.01"]
[EventType "swiss"]
[EventCountry "GER"]
[SourceTitle "playchess.com"]
[Source "ChessBase"]
[SourceQuality "1"]
[TimeControl "40/5400+30:1800+30"]

1. e4 c6 2. d4 d5 3. exd5 cxd5 4. Bd3 Nc6 5. c3 Nf6 6. Bf4 Bg4 7. Qb3 Qd7 8. Nd2 e6 9. h3 Bh5 10. Ngf3 Bd6 11. Bxd6 Qxd6 12. O-O O-O 13. Rfe1 Bg6 14. Bxg6 hxg6 15. Ne5 Rfc8 16. Qxb7 Ne7 17. Qb3 Rab8 18. Qc2 Nf5 19. Nb3 Qb6 20. Re2 Rc7 21. Nc5 a5 22. Qd3 Nd6 23. Na6 Rcb7 24. Nxb8 Rxb8 25. g4 Rc8 26. Rb1 *

[Event "Niedersachsen-ch A 2024"]
[Site "Verden Aller"]
[Date "2024.01.05"]
[Round "3.30"]
[White "Gehrke, Mathias"]
[Black "Lehmkuhl, Stefan"]
[Result "1/2-1/2"]
[ECO "A53"]
[WhiteElo "1761"]
[BlackElo "1839"]
[Annotator "NA RC"]
[PlyCount "51"]
[EventDate "2024.01.01"]
[EventType "swiss"]
[EventCountry "GER"]
[SourceTitle "playchess.com"]
[Source "ChessBase"]
[SourceQuality "1"]
[TimeControl "40/5400+30:1800+30"]

1. Nf3 d6 2. d4 Nf6 3. g3 c6 4. Bg2 Nbd7 5. c4 e5 6. dxe5 dxe5 7. O-O Be7 8. b3 O-O 9. Bb2 Qc7 10. Qc2 Re8 11. Nbd2 Bf8 12. e4 a5 13. Rad1 Nc5 14. Rfe1 Bd7 15. a3 Rad8 16. b4 axb4 17. axb4 Na6 18. Bc3 Bxb4 19. Bxb4 Nxb4 20. Qb3 c5 21. Nb1 Bc6 22. Nc3 h6 23. Rxd8 Qxd8 24. Nd5 Bxd5 25. exd5 Nd7 26. Qa4 1/2-1/2

[Event "Niedersachsen-ch A 2024"]
[Site "Verden Aller"]
[Date "2024.01.05"]
[Round "3.32"]
[White "Aden, Keno"]
[Black "Hoke, Joshua"]
[Result "0-1"]
[ECO "E06"]
[WhiteElo "1832"]
[BlackElo "1600"]
[Annotator "NA RC"]
[PlyCount "142"]
[EventDate "2024.01.01"]
[EventType "swiss"]
[EventCountry "GER"]
[SourceTitle "playchess.com"]
[Source "ChessBase"]
[SourceQuality "1"]
[TimeControl "40/5400+30:1800+30"]

1. d4 d5 2. Nf3 Nf6 3. c4 e6 4. g3 Be7 5. Bg2 c6 6. O-O O-O 7. Qc2 b6 8. Nbd2 Bb7 9. e4 Na6 10. Rd1 c5 11. exd5 exd5 12. dxc5 Nxc5 13. cxd5 Bxd5 14. b4 Ne6 15. a3 Rc8 16. Qd3 Qc7 17. Bb2 Qc2 18. Qxc2 Rxc2 19. Be5 Rfc8 20. Ne1 Ra2 21. Bxf6 Bxf6 22. Rxa2 Bxa2 23. Ne4 Be7 24. Nd3 Bb3 25. Rd2 Ng5 26. f4 Nxe4 27. Bxe4 a5 28. Kf2 axb4 29. axb4 Rd8 30. Ke3 g6 31. g4 Be6 32. h3 h5 33. Rg2 hxg4 34. hxg4 Bc4 35. Rb2 Bf6 36. Rc2 Bb3 37. Rc6 Bd4+ 38. Kf3 Bd1+ 39. Kg3 Re8 40. Ne5 Bxe5 41. fxe5 Rxe5 42. Kf4 Rb5 43. Rc4 Bb3 44. Rd4 g5+ 45. Kf3 Kg7 46. Bf5 Kf6 47. Bd3 Rd5 48. Ke4 Rxd4+ 49. Kxd4 Ke6 50. b5 Kd6 51. Ke4 Be6 52. Be2 Bd7 53. Kd4 f6 54. Ke4 Kc5 55. Bd1 Bc8 56. Be2 Be6 57. Ke3 Bc4 58. Bxc4 Kxc4 59. Ke4 Kxb5 60. Kf5 Kc5 61. Kxf6 b5 62. Kxg5 b4 63. Kf6 b3 64. g5 b2 65. g6 b1=Q 66. g7 Qf1+ 67. Ke7 Qe2+ 68. Kf8 Qf3+ 69. Kg8 Kd6 70. Kh7 Qh5+ 71. Kg8 Ke6 0-1

[Event "Niedersachsen-ch A 2024"]
[Site "Verden Aller"]
[Date "2024.01.05"]
[Round "3.33"]
[White "Bisa, Gani"]
[Black "ter Stal, Lars"]
[Result "0-1"]
[ECO "E32"]
[WhiteElo "1931"]
[BlackElo "1770"]
[Annotator "RC"]
[PlyCount "133"]
[EventDate "2024.01.01"]
[EventType "swiss"]
[EventCountry "GER"]
[SourceTitle "playchess.com"]
[Source "ChessBase"]
[SourceQuality "1"]
[TimeControl "40/5400+30:1800+30"]

1. d4 Nf6 2. c4 e6 3. Nc3 Bb4 4. Qc2 O-O 5. Nf3 b6 6. g3 Bb7 7. Bg2 d6 8. O-O Bxc3 9. Qxc3 Nbd7 10. Re1 Ne4 11. Qc2 Rb8 12. b3 f5 13. e3 Qe8 14. Bd2 Qh5 15. Red1 Nxg3 16. d5 Ne4 17. Bc3 e5 18. Kh1 Ndf6 19. Be1 Ng4 20. h3 Bc8 21. Kg1 Nh6 22. Kf1 f4 23. Ng1 Ng5 24. exf4 exf4 25. f3 Bxh3 26. Bxh3 Nxh3 27. Qh2 Nf5 28. Qxh3 Ne3+ 29. Kf2 Nxd1+ 30. Rxd1 Qe5 31. Rd3 Rbe8 32. Bc3 Qg5 33. Ne2 Rf7 34. Nd4 h5 35. Ne6 Qh6 36. Bd2 Kh7 37. Rd4 g5 38. Re4 Rg8 39. Qh2 Rf5 40. Nd4 Re5 41. Kf1 Qg6 42. Qh1 Kh6 43. Qg2 Rf8 44. Qe2 Rfe8 45. Ne6 Rxe4 46. fxe4 Qf6 47. Qd3 Qa1+ 48. Kg2 Qd1 49. Kf2 Re7 50. Nxg5 Rg7 51. Nf3 Qh1 52. Bxf4+ Kh7 53. e5+ Kg8 54. Ng5 dxe5 55. Be3 Qh4+ 56. Kf1 Rxg5 57. Bxg5 Qxg5 58. d6 Qf6+ 59. Kg2 cxd6 60. Kh3 Kf7 61. Qh7+ Ke6 62. Qg8+ Kf5 63. Qh7+ Qg6 64. Qd7+ Kf4 65. Kh2 Qg3+ 66. Kh1 Qh4+ 67. Kg1 0-1

[Event "Niedersachsen-ch A 2024"]
[Site "Verden Aller"]
[Date "2024.01.05"]
[Round "3.34"]
[White "Nuerenberg, Marius"]
[Black "Vormann, Dirk"]
[Result "1/2-1/2"]
[ECO "C42"]
[WhiteElo "1764"]
[BlackElo "1854"]
[Annotator "NA RC"]
[PlyCount "26"]
[EventDate "2024.01.01"]
[EventType "swiss"]
[EventCountry "GER"]
[SourceTitle "playchess.com"]
[Source "ChessBase"]
[SourceQuality "1"]
[TimeControl "40/5400+30:1800+30"]

1. e4 e5 2. Nf3 Nf6 3. Nxe5 d6 4. Nf3 Nxe4 5. Nc3 Nxc3 6. dxc3 Be7 7. Be3 Nd7 8. Qd2 Nf6 9. O-O-O O-O 10. h4 c5 11. Bc4 Qa5 12. Bb3 b5 13. c4 Qxd2+ 1/2-1/2

[Event "Niedersachsen-ch A 2024"]
[Site "Verden Aller"]
[Date "2024.01.05"]
[Round "3.35"]
[White "Behn, Cord"]
[Black "Trunz, Tamila"]
[Result "*"]
[ECO "A29"]
[WhiteElo "1837"]
[BlackElo "1766"]
[Annotator "NA RC"]
[PlyCount "44"]
[EventDate "2024.01.01"]
[EventType "swiss"]
[EventCountry "GER"]
[SourceTitle "playchess.com"]
[Source "ChessBase"]
[SourceQuality "1"]
[TimeControl "40/5400+30:1800+30"]

1. c4 e5 2. Nc3 Nf6 3. g3 d5 4. cxd5 Nxd5 5. Bg2 Nb6 6. Nf3 Nc6 7. O-O Be7 8. d3 O-O 9. a3 Be6 10. b4 f6 11. Bb2 Qd7 12. Rc1 Rad8 13. Ne4 Nd4 14. Nxd4 exd4 15. Nc5 Bxc5 16. bxc5 Nd5 17. c6 bxc6 18. Qc2 Ne7 19. Bxc6 Qd6 20. Bg2 c6 21. Qc5 Qxc5 22. Rxc5 Rd6 *

[Event "Niedersachsen-ch A 2024"]
[Site "Verden Aller"]
[Date "2024.01.05"]
[Round "4.1"]
[White "Nielsen, Lars Aaes"]
[Black "Lichtmannecker, Daniel"]
[Result "0-1"]
[ECO "B18"]
[WhiteElo "2202"]
[BlackElo "2124"]
[Annotator "RC"]
[PlyCount "76"]
[EventDate "2024.01.01"]
[EventType "swiss"]
[EventCountry "GER"]
[SourceTitle "playchess.com"]
[Source "ChessBase"]
[SourceQuality "1"]
[TimeControl "40/5400+30:1800+30"]

1. e4 c6 2. d4 d5 3. Nc3 dxe4 4. Nxe4 Bf5 5. Ng3 Bg6 6. Nf3 Nd7 7. Bd3 Ngf6 8. h4 e6 9. h5 Bxd3 10. Qxd3 h6 11. Bd2 Be7 12. O-O-O O-O 13. Rde1 c5 14. Ne4 Rc8 15. g4 cxd4 16. Nxf6+ Bxf6 17. g5 hxg5 18. Reg1 Nc5 19. Qf1 Qd5 20. Nxg5 Qxa2 21. Kd1 Qb1+ 22. Ke2 d3+ 23. Kf3 Qxf1 24. Rxf1 dxc2 25. h6 Nb3 26. Be3 c1=Q 27. Rxc1 Nxc1 28. hxg7 Kxg7 29. Ne4 Rg8 30. Bh6+ Kg6 31. Bxc1 Be7 32. Be3 f5 33. Ng3 Bc5 34. Bd2 Bd4 35. Ne2 Bxb2 36. Nf4+ Kf7 37. Rb1 Rc2 38. Be3 b6 0-1

[Event "Niedersachsen-ch A 2024"]
[Site "Verden Aller"]
[Date "2024.01.05"]
[Round "4.2"]
[White "Jacobi, Felix-Hagen"]
[Black "Celik, Abdullah"]
[Result "1/2-1/2"]
[ECO "B21"]
[WhiteElo "2056"]
[BlackElo "2081"]
[Annotator "NA"]
[PlyCount "86"]
[EventDate "2024.01.01"]
[EventType "swiss"]
[EventCountry "GER"]
[SourceTitle "playchess.com"]
[Source "ChessBase"]
[SourceQuality "1"]
[TimeControl "40/5400+30:1800+30"]

1. e4 c5 2. f4 g6 3. Nf3 Bg7 4. c3 d5 5. Bb5+ Nc6 6. d3 dxe4 7. dxe4 Qxd1+ 8. Kxd1 Nf6 9. e5 Nd5 10. c4 Ndb4 11. a3 Nd3 12. Ke2 Nxc1+ 13. Rxc1 O-O 14. Nbd2 Nd4+ 15. Nxd4 cxd4 16. c5 g5 17. g3 gxf4 18. gxf4 Bf5 19. Bd3 Bg4+ 20. Nf3 f6 21. Bc4+ Kh8 22. e6 Rfd8 23. Rg1 f5 24. Bd3 Rac8 25. b4 Rc6 26. Kf2 Bxf3 27. Kxf3 Rxe6 28. Rae1 Rxe1 29. Rxe1 Bf6 30. Bxf5 d3 31. Rd1 d2 32. Be4 Rd7 33. Ke2 Bc3 34. b5 Ba5 35. Rg1 h6 36. Bc2 Rd5 37. c6 bxc6 38. bxc6 Rc5 39. Be4 Rc1 40. Rd1 Rxd1 41. Kxd1 Bc7 42. Kxd2 Bxf4+ 43. Kd3 Bxh2 1/2-1/2

[Event "Niedersachsen-ch A 2024"]
[Site "Verden Aller"]
[Date "2024.01.05"]
[Round "4.3"]
[White "Peters, Tom"]
[Black "Loecken, Siegfried"]
[Result "1-0"]
[ECO "B05"]
[WhiteElo "2102"]
[BlackElo "2014"]
[Annotator "NA RC"]
[PlyCount "63"]
[EventDate "2024.01.01"]
[EventType "swiss"]
[EventCountry "GER"]
[SourceTitle "playchess.com"]
[Source "ChessBase"]
[SourceQuality "1"]
[TimeControl "40/5400+30:1800+30"]

1. e4 Nf6 2. e5 Nd5 3. d4 d6 4. Nf3 Bg4 5. Be2 e6 6. O-O Be7 7. c4 Nb6 8. Nc3 O-O 9. h3 Bh5 10. exd6 cxd6 11. d5 e5 12. Nd2 Bg6 13. b4 N8d7 14. Nb3 e4 15. Be3 Ne5 16. Na5 Qc8 17. c5 dxc5 18. d6 Bf6 19. bxc5 Nf3+ 20. Bxf3 Bxc3 21. Rc1 Bxa5 22. cxb6 Qe6 23. Bg4 f5 24. Be2 Kh8 25. bxa7 f4 26. Bg4 Bf5 27. Bd4 h5 28. Bxf5 Rxf5 29. Qb3 Qg6 30. Qxb7 Rg5 31. Qxa8+ Kh7 32. Rc8 1-0

[Event "Niedersachsen-ch A 2024"]
[Site "Verden Aller"]
[Date "2024.01.05"]
[Round "4.4"]
[White "Moeller, Tom"]
[Black "Hebbinghaus, Holger"]
[Result "0-1"]
[ECO "D00"]
[WhiteElo "1677"]
[BlackElo "2164"]
[Annotator "RC"]
[PlyCount "88"]
[EventDate "2024.01.01"]
[EventType "swiss"]
[EventCountry "GER"]
[SourceTitle "playchess.com"]
[Source "ChessBase"]
[SourceQuality "1"]
[TimeControl "40/5400+30:1800+30"]

1. d4 d5 2. Nc3 Nf6 3. Bf4 a6 4. e3 e6 5. Nf3 Nbd7 6. Bd3 c5 7. dxc5 Nxc5 8. O-O Be7 9. Re1 O-O 10. e4 dxe4 11. Bxe4 Ncxe4 12. Nxe4 Nd5 13. Bd2 Qc7 14. Nc3 Nf6 15. Qe2 b5 16. a3 Bb7 17. Bg5 Rac8 18. Rad1 Rfd8 19. Ne5 Rxd1 20. Rxd1 Rd8 21. Re1 h6 22. Bh4 Rd4 23. Bg3 Qc8 24. f3 Rd8 25. Kh1 Nh5 26. Ne4 Qc7 27. Nd3 Nxg3+ 28. Nxg3 Rc8 29. c3 Rd8 30. Rd1 Bd5 31. Nf1 Bb3 32. Rd2 Bc4 33. Qe4 Bg5 34. f4 Bxd3 35. Rxd3 Rxd3 36. Qxd3 Qxf4 37. h3 Qf2 38. b3 Bf4 39. Qd8+ Kh7 40. Qd3+ g6 41. a4 bxa4 42. bxa4 a5 43. c4 e5 44. g3 e4 0-1

[Event "Niedersachsen-ch A 2024"]
[Site "Verden Aller"]
[Date "2024.01.05"]
[Round "4.5"]
[White "Lau, Udo"]
[Black "Kiesel, Lucas"]
[Result "1/2-1/2"]
[ECO "B08"]
[WhiteElo "2071"]
[BlackElo "1987"]
[Annotator "NA RC"]
[PlyCount "83"]
[EventDate "2024.01.01"]
[EventType "swiss"]
[EventCountry "GER"]
[SourceTitle "playchess.com"]
[Source "ChessBase"]
[SourceQuality "1"]
[TimeControl "40/5400+30:1800+30"]

1. e4 d6 2. Nf3 Nf6 3. Nc3 g6 4. d4 Bg7 5. Be2 c6 6. O-O O-O 7. Re1 b5 8. a3 Bg4 9. Be3 Qc7 10. Qd2 Nbd7 11. h3 Bxf3 12. Bxf3 a6 13. Bg5 Rfd8 14. Rad1 Rac8 15. Qf4 e5 16. dxe5 dxe5 17. Qh4 Re8 18. Rd2 Re6 19. Red1 Nf8 20. Bh6 Bxh6 21. Qxh6 Ree8 22. Qg5 Kg7 23. Rd6 Re6 24. R6d3 Ree8 25. Ne2 Ne6 26. Qe3 Red8 27. h4 h5 28. g3 Rxd3 29. Rxd3 Rd8 30. Kf1 Rxd3 31. Qxd3 Qd7 32. Qxd7 Nxd7 33. Ke1 Kf6 34. Kd2 Ke7 35. Bg2 Kd6 36. f4 c5 37. Bh3 Nf6 38. Bxe6 Kxe6 39. Ke3 Ng4+ 40. Kf3 Nh2+ 41. Kg2 Ng4 42. Kf3 1/2-1/2

[Event "Niedersachsen-ch A 2024"]
[Site "Verden Aller"]
[Date "2024.01.05"]
[Round "4.6"]
[White "Schulz, Jens"]
[Black "Boerma, Daniel"]
[Result "1-0"]
[ECO "B07"]
[WhiteElo "2152"]
[BlackElo "1905"]
[Annotator "RC"]
[PlyCount "67"]
[EventDate "2024.01.01"]
[EventType "swiss"]
[EventCountry "GER"]
[SourceTitle "playchess.com"]
[Source "ChessBase"]
[SourceQuality "1"]
[TimeControl "40/5400+30:1800+30"]

1. e4 d6 2. d4 Nf6 3. Nc3 Nbd7 4. g3 e5 5. Nge2 Be7 6. Bg2 c6 7. a4 O-O 8. O-O Ne8 9. Be3 Bg5 10. f4 exd4 11. Nxd4 Bf6 12. a5 Nc5 13. Qd2 Qe7 14. Kh1 Nc7 15. Bg1 Bxd4 16. Qxd4 N5e6 17. Qd2 f5 18. Rae1 fxe4 19. Nxe4 d5 20. Nc5 Qf7 21. f5 Nxc5 22. Bxc5 Re8 23. Rxe8+ Nxe8 24. g4 Nf6 25. g5 Nd7 26. Bd4 Nf8 27. Qd3 a6 28. Bh3 Bd7 29. g6 hxg6 30. fxg6 Qe7 31. Rf7 Qe1+ 32. Bf1 Ne6 33. Bc3 Qh4 34. Rxd7 1-0

[Event "Niedersachsen-ch A 2024"]
[Site "Verden Aller"]
[Date "2024.01.05"]
[Round "4.7"]
[White "Reins, Henning"]
[Black "Carlstedt, Jonathan"]
[Result "0-1"]
[ECO "B20"]
[WhiteElo "1950"]
[BlackElo "2447"]
[Annotator "RC"]
[PlyCount "48"]
[EventDate "2024.01.01"]
[EventType "swiss"]
[EventCountry "GER"]
[SourceTitle "playchess.com"]
[Source "ChessBase"]
[SourceQuality "1"]
[TimeControl "40/5400+30:1800+30"]

1. e4 c5 2. b3 Nf6 3. e5 Nd5 4. Nc3 Nxc3 5. dxc3 Nc6 6. Nf3 g6 7. Bf4 Bg7 8. Bc4 d6 9. Qe2 O-O 10. Rd1 Bg4 11. e6 Bxc3+ 12. Kf1 f5 13. Rxd6 Qa5 14. a4 Nd4 15. Qd3 b5 16. Bd5 c4 17. Qd1 cxb3 18. cxb3 bxa4 19. Bc4 a3 20. Ra6 Qxa6 21. Bxa6 a2 22. Be5 Bxf3 23. Bxd4 Bxd4 24. Qxd4 Rfd8 0-1

[Event "Niedersachsen-ch A 2024"]
[Site "Verden Aller"]
[Date "2024.01.05"]
[Round "4.8"]
[White "Stotyn, Fabian"]
[Black "Kieselbach, Jannik"]
[Result "1-0"]
[ECO "C45"]
[WhiteElo "2139"]
[BlackElo "1885"]
[Annotator "NA RC"]
[PlyCount "45"]
[EventDate "2024.01.01"]
[EventType "swiss"]
[EventCountry "GER"]
[SourceTitle "playchess.com"]
[Source "ChessBase"]
[SourceQuality "1"]
[TimeControl "40/5400+30:1800+30"]

1. e4 e5 2. Nf3 Nc6 3. d4 exd4 4. Nxd4 Nf6 5. Nxc6 bxc6 6. Nd2 g6 7. e5 Qe7 8. Qe2 Nd5 9. c4 Ba6 10. Qe4 Nb6 11. Bd3 Bg7 12. O-O O-O-O 13. Nf3 f5 14. Qe2 h6 15. a4 d5 16. cxd5 Bxd3 17. Qxd3 c5 18. Qa6+ Kb8 19. Be3 Bf8 20. Ra3 Nxd5 21. Rb3+ Nb6 22. a5 c4 23. axb6 1-0

[Event "Niedersachsen-ch A 2024"]
[Site "Verden Aller"]
[Date "2024.01.05"]
[Round "4.9"]
[White "Miljkovic, Jovana"]
[Black "Soellig, Martin"]
[Result "0-1"]
[ECO "E11"]
[WhiteElo "2035"]
[BlackElo "1892"]
[Annotator "ChessBase"]
[PlyCount "221"]
[EventDate "2024.01.01"]
[EventType "swiss"]
[EventCountry "GER"]
[SourceTitle "playchess.com"]
[Source "ChessBase"]
[SourceQuality "1"]
[TimeControl "40/5400+30:1800+30"]

1. Nf3 e6 2. g3 Nf6 3. c4 d5 4. d4 Bb4+ 5. Bd2 Bxd2+ 6. Nbxd2 O-O 7. Bg2 Nbd7 8. O-O c6 9. Qc2 Re8 10. e4 Nxe4 11. Nxe4 dxe4 12. Qxe4 Qc7 13. Rfe1 Nf6 14. Qh4 b6 15. Ne5 Bb7 16. Rad1 Rad8 17. b4 Nd7 18. Nd3 Ba6 19. c5 Bc4 20. a3 b5 21. Nf4 Nf8 22. Nh5 Ng6 23. Qg5 Bd5 24. Nf4 Nxf4 25. Qxf4 Qxf4 26. gxf4 Bxg2 27. Kxg2 Rd5 28. Rd3 Red8 29. Red1 g6 30. Kf3 Kg7 31. h3 Rh5 32. Ke2 Rdd5 33. Rg1 Kf6 34. Rgg3 h6 35. Ke3 Rh4 36. a4 a6 37. axb5 axb5 38. Ra3 Rd7 39. Ra6 Rc7 40. Rb6 Ke7 41. Rf3 Rh5 42. Ke4 Rd5 43. Rd3 Rd8 44. Ra6 Kd7 45. Rda3 Ke7 46. Rb6 f5+ 47. Ke3 g5 48. fxg5 hxg5 49. Rba6 Rh8 50. Ke2 Rh4 51. Rd3 Kf6 52. Kf1 Rd7 53. Rxc6 Rdxd4 54. Re3 Rhe4 55. Rc3 Rxb4 56. Rb6 Kg6 57. c6 Rbc4 58. Rxc4 Rxc4 59. c7 Kf6 60. Rxb5 Rxc7 61. Kg2 Rc4 62. Ra5 Re4 63. Rb5 Re5 64. Rb8 Ra5 65. Rb6 Ke5 66. Rb3 Rd5 67. Ra3 f4 68. Rb3 Kf5 69. Rb8 e5 70. Rf8+ Ke6 71. Re8+ Kf7 72. Ra8 e4 73. Ra7+ Kf6 74. Ra6+ Ke5 75. Ra4 Rd2 76. Ra5+ Kf6 77. Ra6+ Kf5 78. Ra5+ Kg6 79. Kf1 f3 80. Ke1 Re2+ 81. Kf1 Kh5 82. Ra8 Rb2 83. Rh8+ Kg6 84. Ke1 Re2+ 85. Kf1 Rd2 86. Ke1 Rd6 87. Rf8 Rd7 88. Re8 Kf5 89. Rf8+ Ke6 90. Re8+ Re7 91. Rg8 Kf6 92. Rf8+ Rf7 93. Re8 Kf5 94. Kd2 Kf4 95. Ke1 Rh7 96. Rf8+ Ke5 97. Re8+ Kf5 98. Rf8+ Kg6 99. Re8 Rxh3 100. Rxe4 Kf5 101. Ra4 Rh4 102. Ra8 Re4+ 103. Kf1 Kg4 104. Rh8 Rb4 105. Ke1 Rb1+ 106. Kd2 Rb2+ 107. Ke1 Rb1+ 108. Kd2 Rf1 109. Rh2 Kf4 110. Kd3 Rd1+ 111. Kc2 0-1

[Event "Niedersachsen-ch A 2024"]
[Site "Verden Aller"]
[Date "2024.01.05"]
[Round "4.10"]
[White "Stein, Luis"]
[Black "Witthaus, Joerg"]
[Result "1/2-1/2"]
[ECO "C00"]
[WhiteElo "1762"]
[BlackElo "2029"]
[Annotator "NA RC"]
[PlyCount "45"]
[EventDate "2024.01.01"]
[EventType "swiss"]
[EventCountry "GER"]
[SourceTitle "playchess.com"]
[Source "ChessBase"]
[SourceQuality "1"]
[TimeControl "40/5400+30:1800+30"]

1. e4 e6 2. c4 d5 3. cxd5 exd5 4. exd5 Nf6 5. Bb5+ Nbd7 6. Nc3 Be7 7. d4 O-O 8. Nge2 Nb6 9. O-O Nbxd5 10. Ng3 c6 11. Bd3 Be6 12. Re1 Bb4 13. Qc2 h6 14. Bd2 Bd6 15. a3 Qc7 16. Nce4 Bf4 17. Bc4 Nxe4 18. Bxf4 Nxf4 19. Rxe4 Bxc4 20. Qxc4 Ng6 21. Rae1 Qd7 22. Qe2 Rfd8 23. Qf3 1/2-1/2

[Event "Niedersachsen-ch A 2024"]
[Site "Verden Aller"]
[Date "2024.01.05"]
[Round "4.11"]
[White "Trunz, Michelle"]
[Black "Sickmann, Lisa"]
[Result "1/2-1/2"]
[ECO "D61"]
[WhiteElo "2023"]
[BlackElo "1961"]
[Annotator "NA"]
[PlyCount "85"]
[EventDate "2024.01.01"]
[EventType "swiss"]
[EventCountry "GER"]
[SourceTitle "playchess.com"]
[Source "ChessBase"]
[SourceQuality "1"]
[TimeControl "40/5400+30:1800+30"]

1. d4 d5 2. c4 e6 3. Nc3 Be7 4. Nf3 Nf6 5. Bg5 O-O 6. e3 Nbd7 7. Qc2 c6 8. Bd3 Re8 9. O-O Nf8 10. Rad1 Ng6 11. Ne5 Bd6 12. f4 Qc7 13. Rf3 Nd7 14. Nxg6 hxg6 15. Bxg6 fxg6 16. Qxg6 Rf8 17. c5 Nxc5 18. dxc5 Bxc5 19. Rh3 Be7 20. Rf1 Rf5 21. Qh7+ Kf8 22. g4 Bxg5 23. gxf5 Bf6 24. Qg6 exf5 25. Rh8+ Ke7 26. Qe8+ Kd6 27. Qf8+ Qe7 28. Qxe7+ Kxe7 29. Rc1 Kd6 30. b4 b6 31. Ne2 Bb7 32. Rh7 Bc8 33. Rh8 Bb7 34. Rh5 Re8 35. Ng3 Bc8 36. Kf2 d4 37. Rd1 Rxe3 38. Nxf5+ Bxf5 39. Rxf5 Rh3 40. Kg2 Rh8 41. Rxf6+ gxf6 42. Rxd4+ Ke6 43. Kg3 1/2-1/2

[Event "Niedersachsen-ch A 2024"]
[Site "Verden Aller"]
[Date "2024.01.05"]
[Round "4.12"]
[White "Hoellmann, Ludger"]
[Black "Kelemen, Alexander"]
[Result "1-0"]
[ECO "E05"]
[WhiteElo "2015"]
[BlackElo "1817"]
[Annotator "NA"]
[PlyCount "91"]
[EventDate "2024.01.01"]
[EventType "swiss"]
[EventCountry "GER"]
[SourceTitle "playchess.com"]
[Source "ChessBase"]
[SourceQuality "1"]
[TimeControl "40/5400+30:1800+30"]

1. d4 Nf6 2. Nf3 d5 3. g3 e6 4. Bg2 Be7 5. O-O O-O 6. c4 dxc4 7. Qc2 a6 8. Qxc4 b5 9. Qc2 Bb7 10. Bg5 Nbd7 11. Bxf6 Nxf6 12. Nbd2 Rc8 13. Nb3 Be4 14. Qc1 Qd5 15. Rd1 Qb7 16. Qe3 Bd5 17. a3 Nd7 18. Na5 Qb6 19. b4 c5 20. dxc5 Bxc5 21. Nd4 Nf6 22. bxc5 Qxa5 23. Nf5 exf5 24. Bxd5 Rfe8 25. Qb3 Qc7 26. e3 g6 27. Rac1 Red8 28. Rd4 Nxd5 29. Rxd5 Rxd5 30. Qxd5 Rd8 31. Qf3 Kg7 32. h4 Rd3 33. Qe2 Rd5 34. c6 Rd6 35. Qb2+ Kg8 36. Qc3 h5 37. Kg2 Rd8 38. Qf6 Rc8 39. Qd4 Kf8 40. Rc5 Rd8 41. Qc3 Kg8 42. Qb4 Rd6 43. Qf4 Kh7 44. Qe5 Kg8 45. Kh2 Kh7 46. Rc2 1-0

[Event "Niedersachsen-ch A 2024"]
[Site "Verden Aller"]
[Date "2024.01.05"]
[Round "4.13"]
[White "Koch, Yannick"]
[Black "Ahlbrecht, Malte"]
[Result "0-1"]
[ECO "E32"]
[WhiteElo "1981"]
[BlackElo "1727"]
[Annotator "NA"]
[PlyCount "76"]
[EventDate "2024.01.01"]
[EventType "swiss"]
[EventCountry "GER"]
[SourceTitle "playchess.com"]
[Source "ChessBase"]
[SourceQuality "1"]
[TimeControl "40/5400+30:1800+30"]

1. d4 Nf6 2. c4 e6 3. Nc3 Bb4 4. Qc2 O-O 5. Nf3 d5 6. cxd5 exd5 7. Bf4 c6 8. e3 Re8 9. Bd3 Ne4 10. O-O f5 11. a3 Bd6 12. Be5 Bxe5 13. Nxe5 Nd7 14. f4 h5 15. Qe2 Ndf6 16. Rac1 a5 17. Bxe4 dxe4 18. Na4 Qd6 19. Nc5 b6 20. Na4 Ba6 21. Nc4 Qb8 22. Naxb6 Qxb6 23. Nxb6 Bxe2 24. Rfe1 Rab8 25. Rxc6 Bb5 26. Rd6 Rbd8 27. Rxd8 Rxd8 28. Rc1 Rb8 29. Nc8 Bd7 30. Nd6 Rxb2 31. Rc5 Ng4 32. g3 Rb1+ 33. Kg2 Nxe3+ 34. Kf2 Ng4+ 35. Ke2 Rb2+ 36. Ke1 Nxh2 37. Rxa5 Nf3+ 38. Kf1 e3 0-1